[Event "FIDE WCCC G10 2018"]
[Site "Santiago de Compostela"]
[Date "2018.11.11"]
[Round "7"]
[White "Ho, Ngoc Vy"]
[Black "Khamdamova, Afruza"]
[Result "1-0"]
[ECO "E06"]
[WhiteElo "1275"]
[BlackElo "1691"]
[Annotator "NA RC"]
[PlyCount "95"]
[EventDate "2018.11.04"]
[EventType "swiss"]
[EventCountry "ESP"]
[SourceTitle "playchess.com"]
[Source "ChessBase"]
[SourceQuality "1"]
[TimeControl "40/5400+30:1800+30"]

1. d4 Nf6 2. c4 e6 3. g3 d5 4. Nf3 Be7 5. Bg2 O-O 6. O-O c6 7. Nc3 b6 8. Qd3 dxc4 9. Qxc4 b5 10. Qd3 b4 11. Ne4 Ba6 12. Nxf6+ Bxf6 13. Qc2 Qb6 14. Rd1 Nd7 15. Bf4 Rac8 16. e4 c5 17. d5 e5 18. Be3 Qb7 19. Rac1 c4 20. Bh3 Rfd8 21. Kg2 Bb5 22. Qd2 Ba4 23. Re1 h6 24. Bf5 Qb8 25. d6 Rc6 26. Qd5 Qb5 27. Bxa7 Ra6 28. Bxd7 Qxd5 29. exd5 Bxd7 30. Bc5 b3 31. a3 e4 32. Rxe4 Bxb2 33. Rcxc4 Bxa3 34. Bxa3 Rxa3 35. Rb4 Bf5 36. Red4 Bc2 37. Ne5 Ra5 38. Nc6 Raa8 39. Nxd8 Rxd8 40. Rb6 f6 41. Rc4 Bd3 42. Rcb4 Kf7 43. Kf3 f5 44. Ke3 Bc2 45. Rc4 Be4 46. Rc7+ Kf8 47. Kd4 Bc2 48. Rbb7 1-0

[Event "FIDE WCCC G10 2018"]
[Site "Santiago de Compostela"]
[Date "2018.11.11"]
[Round "7"]
[White "Shefali A N"]
[Black "Da Cunha, Gabriela Goes"]
[Result "0-1"]
[ECO "B40"]
[WhiteElo "1258"]
[BlackElo "1464"]
[Annotator "NA RC"]
[PlyCount "104"]
[EventDate "2018.11.04"]
[EventType "swiss"]
[EventCountry "ESP"]
[SourceTitle "playchess.com"]
[Source "ChessBase"]
[SourceQuality "1"]
[TimeControl "40/5400+30:1800+30"]

1. e4 c5 2. Nf3 e6 3. d3 d5 4. e5 Nc6 5. g3 b6 6. Bg2 Bb7 7. O-O Qc7 8. Qe2 Nge7 9. Nbd2 Ng6 10. Re1 Be7 11. h4 h6 12. Nf1 O-O-O 13. N1h2 Nf8 14. Bd2 Nd7 15. Ng4 Kb8 16. Rab1 a6 17. c3 b5 18. b3 Nb6 19. Ra1 c4 20. Be3 cxd3 21. Qxd3 Nd7 22. Bd4 Rc8 23. Rac1 Nxd4 24. cxd4 Qxc1 25. Rxc1 Rxc1+ 26. Kh2 Rc7 27. a4 bxa4 28. bxa4 Nb6 29. Qb3 Nc4 30. Ne3 Ka7 31. Nxc4 Rxc4 32. a5 Rb4 33. Qc2 Rc8 34. Qh7 Rb2 35. Qxg7 Rxf2 36. Qxf7 Rcc2 37. Qxe7 Rxg2+ 38. Kh3 Rgf2 39. Ne1 Rcd2 40. Qc5+ Kb8 41. Kg4 Rfe2 42. Nf3 Rd3 43. Qd6+ Ka7 44. Ng1 Rg2 45. Nf3 Re2 46. Qf8 Rf2 47. Qc5+ Ka8 48. Ne1 Re3 49. Nc2 Re4+ 50. Kh3 Ree2 51. Nb4 h5 52. Nxd5 Rh2# 0-1

[Event "FIDE WCCC G10 2018"]
[Site "Santiago de Compostela"]
[Date "2018.11.11"]
[Round "7"]
[White "Galvez Aguirre, Valentina"]
[Black "Wu, Abbie"]
[Result "0-1"]
[ECO "B21"]
[WhiteElo "1173"]
[BlackElo "1446"]
[Annotator "NA RC"]
[PlyCount "72"]
[EventDate "2018.11.04"]
[EventType "swiss"]
[EventCountry "ESP"]
[SourceTitle "playchess.com"]
[Source "ChessBase"]
[SourceQuality "1"]
[TimeControl "40/5400+30:1800+30"]

1. e4 c5 2. d4 cxd4 3. c3 dxc3 4. Nxc3 Nc6 5. Nf3 e6 6. Bc4 Qc7 7. O-O Nf6 8. Qe2 Be7 9. Rd1 O-O 10. Bg5 Ne5 11. Bb3 Nxf3+ 12. Qxf3 Qa5 13. Bf4 e5 14. Bg5 h6 15. Bxf6 Bxf6 16. Rac1 Qd8 17. Nd5 Bg5 18. Rc2 d6 19. Nc7 Rb8 20. Nb5 Be7 21. Nxa7 Bd7 22. a4 Qa5 23. Nb5 Bxb5 24. axb5 Qxb5 25. Rc7 Qe8 26. Rdc1 Bg5 27. R1c2 Ra8 28. h3 b5 29. Bd5 Ra1+ 30. Kh2 Bf6 31. Qb3 Bd8 32. Rb7 Ra5 33. Bc6 Qe6 34. Qxe6 fxe6 35. Bxb5 d5 36. exd5 exd5 0-1

[Event "FIDE WCCC G10 2018"]
[Site "Santiago de Compostela"]
[Date "2018.11.12"]
[Round "8"]
[White "Edithso, Samantha"]
[Black "Vlasova, Olesia"]
[Result "1-0"]
[ECO "B22"]
[WhiteElo "1879"]
[BlackElo "1639"]
[Annotator "NA RC"]
[PlyCount "131"]
[EventDate "2018.11.04"]
[EventType "swiss"]
[EventCountry "ESP"]
[SourceTitle "playchess.com"]
[Source "ChessBase"]
[SourceQuality "1"]
[TimeControl "40/5400+30:1800+30"]

1. e4 c5 2. c3 e6 3. d4 d5 4. exd5 exd5 5. Nf3 Nc6 6. dxc5 Bxc5 7. Be2 {[%emt 0:00:26] B22: Sizilianisch (Alapin 2.c3)} Nf6 8. O-O O-O (8... Ne4 9. Nbd2 O-O 10. Nb3 Bb6 11. Nbd4 Bg4 12. Be3 Qf6 13. Nc2 Bc7 14. Qxd5 Rfe8 {1-0 (23) Laxman,R (2428)-Aroshidze,L (2568) Barcelona 2012}) 9. Bg5 Be6 10. Nbd2 h6 11. Bh4 {[%emt 0:01:16] LiveBook: 5 Games} Be7 $146 ({Vorgänger:} 11... Bb6 12. Nb3 g5 13. Bg3 Ne4 14. Nfd4 Qf6 {0-1 (51) Sturc,G (2009)-Holtman,T (2139) Stara Lubovna 2015}) 12. Nb3 Qb6 13. Nfd4 Ne5 (13... Bd7 $11) 14. Kh1 Nc4 15. Qc2 Rac8 16. Rae1 Rfe8 17. Bd3 Bd7 18. Bf5 Bxf5 19. Qxf5 Rcd8 20. Bxf6 Qxf6 21. Qc2 Bd6 22. Nf5 Bb8 23. Nc5 Qc6 24. b4 Qc7 25. g3 b6 26. Na6 Qb7 27. Nxb8 Rxb8 28. Nd4 Qc7 29. Qd3 Nd6 30. Rc1 Qc4 31. Qxc4 dxc4 32. Kg2 Rb7 33. a4 Rbe7 34. Rfd1 Ne4 (34... a6 $14) 35. a5 Rd7 36. f3 Nf6 37. axb6 axb6 38. Kf2 Rde7 39. Re1 Nd5 40. Rxe7 Rxe7 41. Nb5 Nc7 (41... Re3 $11 {keeps the balance.}) 42. Nxc7 Rxc7 {[%emt 0:00:06] [#]} 43. Rd1 $1 Ra7 (43... Kf8 $16 {was necessary.}) 44. Rd4 (44. Rd8+ $142 Kh7 45. Ke3) 44... b5 ({Black should play} 44... Ra2+ $14 45. Ke3 Rxh2) 45. Rd8+ Kh7 {[%emt 0:00:14] [#]} 46. Ke3 $1 Ra2 47. Rd2 Ra1 48. Kd4 Rc1 49. f4 (49. Kc5 $18 {has better winning chances.}) 49... h5 (49... g5 $16 50. fxg5 hxg5) 50. Re2 Kg6 51. Re5 Rd1+ {[%emt 0:00:15] [#]} 52. Kc5 $18 Rd3 53. Kxb5 Rxc3 54. Rc5 Rc2 55. Rxc4 Rxh2 56. Rc3 Rb2 57. Kc4 Rb1 $2 {[%emt 0:01:00] [#]} (57... Kf5 $1 $11 {and Black has nothing to worry.}) 58. b5 (58. Rb3 $142 $1 Rc1+ 59. Kd5) 58... Kh7 59. Kc5 g6 60. Kc6 Re1 61. b6 Re6+ 62. Kb7 Kg7 63. Ka7 Re1 64. b7 Ra1+ 65. Kb6 Rb1+ 66. Kc7 1-0

[Event "FIDE WCCC G10 2018"]
[Site "Santiago de Compostela"]
[Date "2018.11.12"]
[Round "8"]
[White "Zhapova, Yana"]
[Black "Chen, Yining"]
[Result "1/2-1/2"]
[ECO "B85"]
[WhiteElo "1821"]
[BlackElo "1457"]
[Annotator "NA RC"]
[PlyCount "139"]
[EventDate "2018.11.04"]
[EventType "swiss"]
[EventCountry "ESP"]
[SourceTitle "playchess.com"]
[Source "ChessBase"]
[SourceQuality "1"]
[TimeControl "40/5400+30:1800+30"]

1. e4 c5 2. Nf3 e6 3. d4 cxd4 4. Nxd4 Nc6 5. Nc3 a6 6. Be2 Qc7 7. Be3 Nf6 8. O-O Be7 9. f4 d6 10. Qe1 O-O {[%emt 0:01:38] LiveBook: 847 Games} 11. Qg3 Re8 (11... Nxd4 $11 {keeps the balance.} 12. Bxd4 b5) 12. f5 {[%emt 0:07:30] B85: Sicilian Scheveningen: 6 Be2 a6, lines with early Be3} (12. Kh1 Rb8 13. Rad1 Nd7 14. f5 Nxd4 15. Bxd4 Bf8 16. Bh5 Ne5 17. f6 Ng6 18. e5 d5 19. Bxg6 hxg6 20. fxg7 Bxg7 21. Nxd5 Qxc2 22. Nf6+ Bxf6 23. exf6 e5 24. Qh4 g5 25. Qxg5+ {1-0 (25) Narayanan,S (2532)-Suarez Garcia,C (2472) Elgoibar 2017}) 12... Nxd4 13. Bxd4 Kh8 $146 ({Predecessor:} 13... e5 $11 14. Bf2 (14. Be3 b5 15. Bh6 Bf8 16. Bg5 Qd8 17. Bxf6 Qxf6 18. Nd5 Qd8 19. a4 Rb8 20. axb5 axb5 {1-0 (37) Mendonca,M (2426)-Caldeira,A (2214) Sao Paulo 2015}) 14... b5) 14. Rad1 (14. fxe6 $16 Bxe6 15. Rab1) 14... b5 {[%emt 0:11:28] [#]} (14... e5 $11 15. Bf2 b5) 15. e5 (15. fxe6 $1 $16 Bxe6 16. a3) 15... dxe5 16. Bxe5 Qb6+ {[%emt 0:06:58] [#]} 17. Kh1 $1 Bb7 18. Bf3 (18. Bd4 $14 Bc5 19. Bxf6 gxf6 20. Bf3) 18... Bxf3 19. Rxf3 Qc6 20. fxe6 Qxe6 21. Re3 Qg4 22. Qe1 Bb4 23. Rdd3 Qf5 24. h3 Re7 25. Bxf6 Qxf6 26. Nd5 Bxe1 27. Nxf6 Rxe3 28. Rxe3 Bf2 29. Re2 Bd4 30. Ne8 Bb6 31. Nd6 Kg8 32. c4 bxc4 33. Nxc4 Bc5 34. a3 f6 35. b4 Bf8 36. Kg1 Rc8 37. Nb6 Rc3 38. Ra2 Kf7 39. Nd5 Rc4 40. Kf2 Ke6 41. Ne3 Rc3 42. Re2 Kd7 43. Nc2 (43. Rd2+ $11 Ke6 44. Nc2) 43... Rb3 (43... g6 $17) 44. Rd2+ Kc8 45. Ke2 g6 46. Rd4 Rc3 47. Kd2 Rg3 48. Rc4+ Kb7 49. Rd4 (49. Rg4 $1 $11 {was the only way to keep the balance.} Bh6+ 50. Ke2) 49... Rxg2+ 50. Kd1 Rg1+ 51. Ke2 Rg2+ (51... Kc8 $17 52. Re4 Kd7 53. Rd4+ Ke7) 52. Kd1 Kc7 53. Rd3 Bd6 54. Ne3 Rg1+ 55. Ke2 Be5 56. Nd5+ (56. Rd5 $17) 56... Kb7 57. Ne3 Kc6 58. Ng4 Rg2+ 59. Kd1 (59. Kf1 $17 {might work better.} Ra2 60. Nxe5+ fxe5 61. h4) 59... h5 60. Nxe5+ fxe5 61. Rc3+ Kb6 $15 (61... Kd6 $17 62. h4 Rg4) 62. Rc5 Rg3 63. Rxe5 Rxa3 64. Re6+ Kb5 65. Rxg6 Rxh3 66. Rh6 Kxb4 67. Rxa6 Re3 68. Kd2 Re5 69. Kd3 Kb5 70. Ra1 1/2-1/2

[Event "FIDE WCCC G10 2018"]
[Site "Santiago de Compostela"]
[Date "2018.11.12"]
[Round "8"]
[White "Shvedova, Alexandra"]
[Black "Kleymenova, Valeria"]
[Result "1-0"]
[ECO "D31"]
[WhiteElo "1782"]
[BlackElo "1773"]
[Annotator "NA RC"]
[PlyCount "75"]
[EventDate "2018.11.04"]
[EventType "swiss"]
[EventCountry "ESP"]
[SourceTitle "playchess.com"]
[Source "ChessBase"]
[SourceQuality "1"]
[TimeControl "40/5400+30:1800+30"]

1. d4 d5 2. c4 e6 3. Nc3 c6 4. Nf3 f5 5. Bf4 Nf6 6. e3 Bd6 7. Be2 O-O 8. O-O Ne4 9. Qc2 Qe7 10. Bxd6 Qxd6 11. Nxe4 fxe4 12. Ne5 Nd7 13. f4 exf3 14. Nxf3 Rf6 15. e4 dxe4 16. Qxe4 Rf4 17. Qe3 Nf6 18. Bd3 Ng4 19. Bxh7+ Kxh7 20. Ng5+ Kg6 21. Qxf4 Qxf4 22. Rxf4 Kxg5 23. Rf8 Nf6 24. Re1 Nd7 25. Re8 Nf6 26. Rd8 Kf5 27. Re5+ Kf4 28. g3+ Kf3 29. b3 b6 30. Rg5 Bb7 31. Rxa8 Bxa8 32. Rxg7 c5 33. Rf7 cxd4 34. Rxf6+ Ke3 35. Rxe6+ Be4 36. Kf1 d3 37. Ke1 d2+ 38. Kd1 1-0

[Event "FIDE WCCC G10 2018"]
[Site "Santiago de Compostela"]
[Date "2018.11.12"]
[Round "8"]
[White "Zhou, Yafei"]
[Black "Zakirova, Aisha"]
[Result "1-0"]
[ECO "E12"]
[WhiteElo "1648"]
[BlackElo "1678"]
[Annotator "NA RC"]
[PlyCount "91"]
[EventDate "2018.11.04"]
[EventType "swiss"]
[EventCountry "ESP"]
[SourceTitle "playchess.com"]
[Source "ChessBase"]
[SourceQuality "1"]
[TimeControl "40/5400+30:1800+30"]

1. d4 Nf6 2. c4 e6 3. Nf3 b6 4. a3 Bb7 5. Nc3 d5 6. Bg5 Be7 7. e3 Nbd7 8. Bd3 O-O 9. O-O dxc4 10. Bxc4 c5 11. Qe2 Rc8 12. Bb3 cxd4 13. exd4 Re8 14. Rfd1 h6 15. Bh4 Nh5 16. Bxe7 Qxe7 17. Qe3 Nhf6 18. h3 Qd6 19. Rac1 Nd5 20. Nxd5 Bxd5 21. Bxd5 Qxd5 22. Rc3 Nf6 23. Rdc1 Qb7 24. Qd3 Nd5 25. R3c2 Nf4 26. Qe3 Nd5 27. Qd2 Red8 28. Ne5 Rxc2 29. Rxc2 Rc8 30. Qc1 Rd8 31. b4 Qa6 32. Rc4 Rf8 33. Qb2 f6 34. b5 Qb7 35. Nc6 Rc8 36. Qe2 Re8 37. Qh5 Rf8 38. Qe2 Re8 39. Qc2 Nf4 40. Ra4 Ra8 41. Qe4 Nd5 42. Qxe6+ Qf7 43. Qxd5 Qxd5 44. Ne7+ Kf7 45. Nxd5 Ke6 46. Nc7+ {[%emt 0:00:04] Kd5} 1-0

[Event "FIDE WCCC G10 2018"]
[Site "Santiago de Compostela"]
[Date "2018.11.12"]
[Round "8"]
[White "Da Cunha, Gabriela Goes"]
[Black "Yildiz, Elif Zeren"]
[Result "0-1"]
[ECO "B00"]
[WhiteElo "1464"]
[BlackElo "1448"]
[Annotator "NA RC"]
[PlyCount "85"]
[EventDate "2018.11.04"]
[EventType "swiss"]
[EventCountry "ESP"]
[SourceTitle "playchess.com"]
[Source "ChessBase"]
[SourceQuality "1"]
[TimeControl "40/5400+30:1800+30"]

1. e4 d6 2. Nf3 g6 3. Bc4 Bg7 4. O-O a6 5. a4 b6 6. d4 e6 7. c3 Ne7 8. Bb3 Bb7 9. Qe2 Nd7 10. Bg5 h6 11. Bh4 g5 12. Bg3 Ng6 13. Nbd2 Qe7 14. Bc2 h5 15. h3 e5 16. d5 Nf4 17. Qc4 Nf8 18. a5 b5 19. Qb4 g4 20. Bxf4 exf4 21. Nd4 Bxd4 22. Qxd4 Ng6 23. c4 Qg5 24. Kh2 Ne5 25. cxb5 Rg8 26. Rg1 axb5 27. Bd3 Ba6 28. Qc3 g3+ 29. Kh1 gxf2 30. Bf1 fxg1=Q+ 31. Kxg1 Kd7 32. Nf3 Nxf3+ 33. Qxf3 Rg6 34. Qc3 Kd8 35. Qc6 Ra7 36. Qc3 Qe5 37. Qb3 Rg3 38. Qc2 f3 39. Qf2 Ra8 40. Rc1 b4 41. Qc2 Ke7 42. Qxc7+ Kf6 43. Bxa6 0-1

[Event "FIDE WCCC G10 2018"]
[Site "Santiago de Compostela"]
[Date "2018.11.12"]
[Round "8"]
[White "Nguyen, Ha Khanh Linh"]
[Black "Velea, Sophie"]
[Result "0-1"]
[ECO "D59"]
[WhiteElo "1449"]
[BlackElo "1593"]
[Annotator "NA RC"]
[PlyCount "172"]
[EventDate "2018.11.04"]
[EventType "swiss"]
[EventCountry "ESP"]
[SourceTitle "playchess.com"]
[Source "ChessBase"]
[SourceQuality "1"]
[TimeControl "40/5400+30:1800+30"]

1. d4 d5 2. Nf3 e6 3. c4 Be7 4. Nc3 Nf6 5. Bg5 h6 6. Bh4 O-O 7. e3 b6 8. cxd5 Nxd5 9. Bxe7 Qxe7 10. e4 Nxc3 11. bxc3 Bb7 12. Bd3 Nd7 13. O-O c5 14. Rc1 Rac8 15. Qe2 Rc7 16. Qb2 Rfc8 17. Nd2 Qf6 18. e5 Qg5 19. Be4 Ba6 20. Rfe1 cxd4 21. cxd4 f5 22. Bf3 Qe7 23. h3 Nf8 24. Nb3 Bc4 25. Nd2 b5 26. Nxc4 bxc4 27. Rc3 Nd7 28. d5 exd5 29. Bxd5+ Kh8 30. Qe2 Nb6 31. Bf3 Qe6 32. g4 Re8 33. gxf5 Qxf5 34. Bg4 Qg6 35. Rg3 Qc6 36. Bf5 Rce7 37. Rg6 Qd5 38. f4 Qd4+ 39. Qf2 Qd5 40. Be4 Qf7 41. Rg4 Rf8 42. Bg6 Qd5 43. Qe3 Rc8 44. f5 Qc5 45. Rd4 Nd5 46. Qf2 c3 47. Rdd1 c2 48. Qxc5 Rxc5 49. Rc1 Nb4 50. f6 gxf6 51. a3 Nc6 52. Rxc2 Rxc2 53. Bxc2 Nd4 54. Be4 Rxe5 55. Kf2 Nb5 56. a4 Nc3 57. Bc2 Rxe1 58. Kxe1 Kg7 59. Kf2 Kf7 60. Kf3 Ke6 61. Kg4 Ne2 62. Bd1 f5+ 63. Kf3 Nd4+ 64. Kf4 Kf6 65. h4 Ne6+ 66. Ke3 Ke5 67. Bc2 f4+ 68. Kf2 Nd4 69. Bd3 Nf5 70. h5 Ng3 71. Bg6 Kf6 72. Kg2 Kg5 73. Kf3 Nf5 74. Be8 Nh4+ 75. Ke4 Kg4 76. Kd5 f3 77. Bb5 Nf5 78. Kc6 Nd4+ 79. Kb7 Nxb5 80. axb5 f2 81. Kxa7 f1=Q 82. b6 Qa1+ 83. Kb8 Kxh5 84. b7 Kg4 85. Kc7 Qb2 86. Kc8 h5 0-1

[Event "FIDE WCCC G10 2018"]
[Site "Santiago de Compostela"]
[Date "2018.11.12"]
[Round "8"]
[White "Wu, Abbie"]
[Black "Szczotka, Klara"]
[Result "1-0"]
[ECO "B45"]
[WhiteElo "1446"]
[BlackElo "1581"]
[Annotator "NA RC"]
[PlyCount "79"]
[EventDate "2018.11.04"]
[EventType "swiss"]
[EventCountry "ESP"]
[SourceTitle "playchess.com"]
[Source "ChessBase"]
[SourceQuality "1"]
[TimeControl "40/5400+30:1800+30"]

1. e4 c5 2. Nc3 e6 3. Nf3 Nc6 4. d4 cxd4 5. Nxd4 Nf6 6. g3 Bb4 7. Bg2 a6 8. O-O O-O 9. a3 Bxc3 10. bxc3 d5 11. Nxc6 bxc6 12. e5 Nd7 13. Qe2 Qc7 14. f4 Bb7 15. Be3 c5 16. Qf2 Rac8 17. Rab1 Ba8 18. g4 Qa5 19. f5 Nxe5 20. f6 Nd7 21. fxg7 Kxg7 22. Qh4 Qxc3 23. Bh6+ Kg8 24. Qg5+ Kh8 25. Bxf8 Rxf8 26. Qe7 Qd4+ 27. Kh1 Qa4 28. Rxf7 Rxf7 29. Qxf7 h6 30. Qe8+ Kg7 31. Qxa8 Qxc2 32. Qb7 Kg6 33. Rf1 Nf6 34. Qe7 Nxg4 35. Qxe6+ Kg5 36. Qxd5+ Kh4 37. Qf3 h5 38. h3 Nh6 39. Qf6+ Kg3 40. Rf3# 1-0

[Event "FIDE WCCC G10 2018"]
[Site "Santiago de Compostela"]
[Date "2018.11.12"]
[Round "8"]
[White "Ciarletta, Iris"]
[Black "Chekhani, Anna"]
[Result "0-1"]
[ECO "B24"]
[WhiteElo "1381"]
[BlackElo "1288"]
[Annotator "NA RC"]
[PlyCount "98"]
[EventDate "2018.11.04"]
[EventType "swiss"]
[EventCountry "ESP"]
[SourceTitle "playchess.com"]
[Source "ChessBase"]
[SourceQuality "1"]
[TimeControl "40/5400+30:1800+30"]

1. e4 c5 2. Nc3 Nc6 3. Bb5 Nd4 4. Nf3 a6 5. Bc4 e6 6. d3 b5 7. Bb3 Be7 8. O-O d6 9. Nxd4 cxd4 10. Ne2 Qb6 11. Ng3 Nf6 12. Kh1 O-O 13. Bg5 h6 14. Bxf6 Bxf6 15. f4 Bd7 16. Qg4 Qd8 17. Rae1 Kh8 18. Nh5 g6 19. Nxf6 Qxf6 20. e5 Qg7 21. Qf3 a5 22. a3 a4 23. Ba2 Rac8 24. Rc1 dxe5 25. fxe5 Qxe5 26. Rfe1 Rxc2 27. Qf1 Rxc1 28. Rxc1 Rc8 29. Rxc8+ Bxc8 30. h3 Kg7 31. Qf2 Bb7 32. Bb1 Bd5 33. Bc2 Qe3 34. Qxe3 dxe3 35. Bd1 Kf6 36. Kg1 Ke5 37. g3 Kd4 38. Kf1 Bb3 39. Bxb3 axb3 40. Ke2 f5 41. h4 h5 42. g4 fxg4 43. a4 bxa4 44. Ke1 Kxd3 45. Kd1 e2+ 46. Ke1 a3 47. Kf2 Kd2 48. Kg3 e1=Q+ 49. Kf4 Qe3# 0-1

[Event "FIDE WCCC G10 2018"]
[Site "Santiago de Compostela"]
[Date "2018.11.12"]
[Round "8"]
[White "Vu, My Linh"]
[Black "Rasheva, Nora"]
[Result "1-0"]
[ECO "A49"]
[WhiteElo "1349"]
[BlackElo "1495"]
[Annotator "NA RC"]
[PlyCount "73"]
[EventDate "2018.11.04"]
[EventType "swiss"]
[EventCountry "ESP"]
[SourceTitle "playchess.com"]
[Source "ChessBase"]
[SourceQuality "1"]
[TimeControl "40/5400+30:1800+30"]

1. d4 Nf6 2. Nf3 g6 3. g3 Bg7 4. Bg2 d5 5. O-O O-O 6. c4 Nc6 7. Nc3 dxc4 8. e4 Bg4 9. Be3 Qd7 10. Qd2 Bxf3 11. Bxf3 Ng4 12. Qe2 Nxe3 13. fxe3 Bh6 14. Kh1 Nb4 15. b3 cxb3 16. axb3 a5 17. Rac1 Rad8 18. Bg4 Qe8 19. Nb5 Na6 20. Nxc7 Nxc7 21. Rxc7 e6 22. e5 Rd7 23. Rfc1 Qe7 24. R7c5 b6 25. R5c3 Qb4 26. Bf3 Rdd8 27. h4 f6 28. Bg4 f5 29. Bf3 Qe7 30. Rc6 g5 31. Qc4 Kh8 32. Qxe6 Qxe6 33. Rxe6 g4 34. Rxh6 gxf3 35. Rc7 Rc8 36. Rhxh7+ Kg8 37. Rcg7# 1-0

[Event "FIDE WCCC G10 2018"]
[Site "Santiago de Compostela"]
[Date "2018.11.12"]
[Round "8"]
[White "Zavivaeva, Evelina"]
[Black "Anupam M Sreekumar"]
[Result "0-1"]
[ECO "C54"]
[WhiteElo "1323"]
[BlackElo "1615"]
[Annotator "NA RC"]
[PlyCount "130"]
[EventDate "2018.11.04"]
[EventType "swiss"]
[EventCountry "ESP"]
[SourceTitle "playchess.com"]
[Source "ChessBase"]
[SourceQuality "1"]
[TimeControl "40/5400+30:1800+30"]

1. e4 e5 2. Nf3 Nc6 3. Bc4 Bc5 4. c3 Nf6 5. O-O Nxe4 6. d4 exd4 7. cxd4 d5 8. dxc5 dxc4 9. Qe2 Qd3 10. Re1 f5 11. Qxd3 cxd3 12. a3 O-O 13. b4 Be6 14. Bb2 Bc4 15. Nbd2 Nxd2 16. Nxd2 Bf7 17. Nf3 Rad8 18. Bc3 Bh5 19. b5 Bxf3 20. gxf3 Nd4 21. Bxd4 Rxd4 22. Red1 Re8 23. Rd2 Re5 24. Rc1 h6 25. Rc3 Red5 26. Kg2 Kf7 27. Kg3 Kg6 28. a4 Rxa4 29. Rdxd3 Rxd3 30. Rxd3 Rc4 31. Rd5 a6 32. bxa6 bxa6 33. Re5 Kf6 34. Rd5 Ke6 35. Rd8 Rxc5 36. Rg8 Kf7 37. Ra8 a5 38. Ra6 c6 39. Kf4 Kf6 40. Ke3 Rc3+ 41. Ke2 Rc5 42. Ke3 g5 43. f4 gxf4+ 44. Kxf4 h5 45. f3 Kg6 46. Ke3 Kg5 47. h3 Rc3+ 48. Ke2 Rc5 49. Ke3 Kh4 50. Kd4 Rd5+ 51. Ke3 Kxh3 52. Rxc6 h4 53. Rh6 Kg3 54. f4 h3 55. Rg6+ Kh2 56. Kf2 Kh1 57. Rg1+ Kh2 58. Rg5 a4 59. Rg6 a3 60. Ra6 Rd2+ 61. Kf3 Ra2 62. Ra7 Ra1 63. Kf2 a2 64. Ra3 Rg1 65. Rxa2 Rg2+ 0-1

[Event "FIDE WCCC G10 2018"]
[Site "Santiago de Compostela"]
[Date "2018.11.12"]
[Round "8"]
[White "Kurmanalina, Deniza"]
[Black "Keerthana Easwar"]
[Result "1-0"]
[ECO "C24"]
[WhiteElo "1320"]
[BlackElo "1410"]
[Annotator "NA RC"]
[PlyCount "57"]
[EventDate "2018.11.04"]
[EventType "swiss"]
[EventCountry "ESP"]
[SourceTitle "playchess.com"]
[Source "ChessBase"]
[SourceQuality "1"]
[TimeControl "40/5400+30:1800+30"]

1. e4 e5 2. Bc4 Nf6 3. d3 c6 4. Nf3 Be7 5. O-O d6 6. Nc3 Nbd7 7. Kh1 O-O 8. a3 h6 9. Bb3 Re8 10. Ng1 Nc5 11. f4 Nxb3 12. cxb3 exf4 13. Bxf4 Bg4 14. Qd2 Qb6 15. b4 Rad8 16. Rae1 Nd7 17. Re3 Bh5 18. Rh3 Nf6 19. Be3 Qa6 20. Rxf6 Bxf6 21. Rxh5 Re6 22. Ra5 Qxa5 23. bxa5 a6 24. Nf3 Bxc3 25. Qxc3 c5 26. Qb3 Rd7 27. Qd5 Rde7 28. h3 Rf6 29. Bxc5 1-0

[Event "FIDE WCCC G10 2018"]
[Site "Santiago de Compostela"]
[Date "2018.11.12"]
[Round "8"]
[White "Long, Aoxue"]
[Black "Cereijo Suarez, Nerea"]
[Result "0-1"]
[ECO "D30"]
[WhiteElo "1267"]
[BlackElo "1368"]
[Annotator "NA RC"]
[PlyCount "120"]
[EventDate "2018.11.04"]
[EventType "swiss"]
[EventCountry "ESP"]
[SourceTitle "playchess.com"]
[Source "ChessBase"]
[SourceQuality "1"]
[TimeControl "40/5400+30:1800+30"]

1. d4 d5 2. c4 e6 3. cxd5 exd5 4. Nc3 c6 5. Qc2 f5 6. Bf4 Nf6 7. f3 Bd6 8. Bg5 h6 9. Bh4 O-O 10. O-O-O b5 11. e3 Re8 12. Bf2 a5 13. Bd3 f4 14. e4 dxe4 15. fxe4 Ng4 16. e5 Be7 17. d5 b4 18. dxc6 Qc7 19. Nd5 Qxc6 20. Nxe7+ Rxe7 21. Bh7+ Kh8 22. Rd8+ Re8 23. Qxc6 Nxc6 24. Rxe8+ Kxh7 25. Nh3 Ncxe5 26. Rd1 Bb7 27. Rxa8 Bxa8 28. Bb6 g5 29. Bxa5 Bxg2 30. Ng1 f3 31. Nxf3 Bxf3 32. Rd4 b3 33. a4 Nxh2 34. Bc7 Nhg4 35. a5 h5 36. Bxe5 Nxe5 37. Kd2 Kg6 38. Ke3 Kf5 39. Rd8 Kg4 40. Kf2 h4 41. Rd4+ Kh3 42. Rd8 g4 43. Rb8 Kh2 44. Rxb3 g3+ 45. Ke3 g2 46. a6 g1=Q+ 47. Kd2 Qd1+ 48. Kc3 Qd3+ 49. Kb4 Nc6+ 50. Kc5 Qxb3 51. a7 Qa4 52. a8=Q Qxa8 53. Kb6 Qa7+ 54. Kb5 Be2+ 55. Kxc6 Bb5+ 56. Kxb5 Qb7+ 57. Kc5 Qxb2 58. Kc4 Kg3 59. Kd3 Qc1 60. Ke2 Kf4 0-1

[Event "FIDE WCCC G10 2018"]
[Site "Santiago de Compostela"]
[Date "2018.11.13"]
[Round "9"]
[White "Kleymenova, Valeria"]
[Black "Kurmanalina, Deniza"]
[Result "1-0"]
[ECO "A46"]
[WhiteElo "1773"]
[BlackElo "1320"]
[Annotator "NA RC"]
[PlyCount "141"]
[EventDate "2018.11.04"]
[EventType "swiss"]
[EventCountry "ESP"]
[SourceTitle "playchess.com"]
[Source "ChessBase"]
[SourceQuality "1"]
[TimeControl "40/5400+30:1800+30"]

1. d4 Nf6 2. Nf3 c5 3. c3 Qc7 4. e3 g6 5. Bd3 Bg7 6. O-O O-O 7. e4 d6 8. h3 Nc6 9. Be3 b6 10. Nbd2 Bb7 11. Rc1 Rac8 12. Qe2 e5 13. dxe5 dxe5 14. a4 Rfd8 15. Rfd1 Qe7 16. Nf1 Rd7 17. Bg5 Rcd8 18. Ne3 Na5 19. Ng4 Nc6 20. Bb5 Rxd1+ 21. Rxd1 Rxd1+ 22. Qxd1 h5 23. Nxf6+ Bxf6 24. Bxf6 Qxf6 25. Qd7 Nd8 26. Bd3 Kg7 27. Qc7 Bc6 28. b3 Nb7 29. Nxe5 Nd8 30. Nf3 Nb7 31. e5 Qe6 32. Bc4 Qd7 33. Qxd7 Bxd7 34. Ng5 Be8 35. Ne4 Bc6 36. Ng5 Be8 37. Bd5 Nd8 38. Ne4 Nc6 39. Nd6 Bd7 40. Bxc6 Bxc6 41. Nc8 c4 42. bxc4 Bxa4 43. Nxa7 Bb3 44. Nc8 Bxc4 45. Nxb6 Bb5 46. c4 Bc6 47. Nd5 Kf8 48. f4 Ke8 49. Kf2 Kd7 50. Nb4 Bb7 51. g3 Kc7 52. Ke3 Kb6 53. Kd4 Ka5 54. Nd3 Kb6 55. Nf2 Kc6 56. Ne4 Kd7 57. h4 Bc6 58. Ng5 Ke7 59. Kc5 Bd7 60. Kd5 Bc8 61. c5 Bb7+ 62. c6 Bc8 63. Ne4 Be6+ 64. Kc5 Kd8 65. Kd6 Bc8 66. Nf6 Be6 67. c7+ Kc8 68. Ne4 Kb7 69. Nc5+ Kc8 70. Nxe6 fxe6 71. Kxe6 1-0

[Event "FIDE WCCC G10 2018"]
[Site "Santiago de Compostela"]
[Date "2018.11.13"]
[Round "9"]
[White "Zakirova, Aisha"]
[Black "Cereijo Suarez, Nerea"]
[Result "1-0"]
[ECO "D31"]
[WhiteElo "1678"]
[BlackElo "1368"]
[Annotator "NA RC"]
[PlyCount "108"]
[EventDate "2018.11.04"]
[EventType "swiss"]
[EventCountry "ESP"]
[SourceTitle "playchess.com"]
[Source "ChessBase"]
[SourceQuality "1"]
[TimeControl "40/5400+30:1800+30"]

1. d4 d5 2. c4 c6 3. Nc3 e6 4. e4 Nf6 5. cxd5 cxd5 6. e5 Nfd7 7. Nf3 Nc6 8. Be3 Nb6 9. Rc1 Be7 10. Be2 O-O 11. O-O h6 12. a3 Na5 13. Nd2 Bd7 14. Bd3 Bg5 15. Bxg5 Qxg5 16. b4 Nac4 17. Nxc4 dxc4 18. Be4 Rab8 19. Qf3 Bc8 20. Qe2 Bd7 21. f4 Qe7 22. Qf3 Bc8 23. Nb5 a6 24. Nd6 Rd8 25. Rfd1 f5 26. Bb1 Qc7 27. Ba2 Bd7 28. Bxc4 Nxc4 29. Rxc4 Bc6 30. Qh5 Rxd6 31. exd6 Qxd6 32. Rc3 Qxf4 33. Rg3 Be8 34. Qe2 Bf7 35. Qb2 g5 36. Qc3 Rd8 37. Rf3 Qe4 38. Re3 Qf4 39. Rf3 Qe4 40. Rff1 b5 41. Rfe1 Qf4 42. Qc5 Qd6 43. Qxd6 Rxd6 44. Re5 Bh5 45. Rd2 Kf7 46. Kf2 Ke7 47. Rc5 Kd7 48. g3 Bf7 49. Ke3 Bg8 50. Rdc2 Ke7 51. Rc7+ Rd7 52. R2c6 Rxc7 53. Rxc7+ Kd6 54. Rg7 Kd5 {Ke4+} 1-0